 Seeded DCSS version 0.28-a0-1567-g1695149f81 (webtiles) character file.

Game seed: 5299 (custom seed)

9 knot the Chopper (level 2, 18/24 HPs)
             Began as a Demonspawn Berserker on Jan 19, 2022.
             Was a Follower of Trog.
             Quit the game on level 1 of the Dungeon.
             The game lasted 00:00:11 (91 turns).

knot the Chopper (Demonspawn Berserker)               Turns: 91, Time: 00:00:12

Health: 18/24      AC:  2    Str: 17    XL:     2   Next: 3%
Magic:  2/2        EV: 14    Int:  8    God:    Trog [*.....]
Gold:   0          SH:  0    Dex: 12    Spells: 1/1 levels left

rFire   . . .      SeeInvis .   a - +0 hand axe
rCold   . . .      Faith    .   (no shield)
rNeg    . . .      Spirit   .   b - +0 animal skin
rPois   .          Reflect  .   (no helmet)
rElec   .          Harm     .   (no cloak)
rCorr   .          Rampage  .   (no gloves)
Will    .....                   (no boots)
Stlth   +.........              (no amulet)
HPRegen 0.08/turn               (no ring)
MPRegen 0.08/turn               (no ring)

@: no status effects
A: repulsion field 1
a: Renounce Religion, Berserk


You were on level 1 of the Dungeon.
You worshipped Trog.
Trog was aware of your devotion.
You visited 1 branch of the dungeon, and saw 1 of its levels.

Inventory:

Hand Weapons
 a - a +0 hand axe (weapon)
Armour
 b - a +0 animal skin (worn)
Scrolls
 d - a scroll of teleportation {unknown}
Potions
 c - a potion of heal wounds {unknown}


   Skills:
 - Level 3.0 Fighting
 + Level 3.2 Axes
 - Level 1.7 Armour
 - Level 1.7 Dodging


You had one spell level left.
You didn't know any spells.
Your spell library was empty.

Dungeon Overview and Level Annotations

Branches:
Dungeon (1/15)

Altars:


Innate Abilities, Weirdness & Mutations

You are surrounded by a mild repulsion field. (EV +2)


Message History

A dart slug comes into view.
The dart slug moves out of view.
You completely miss the dart slug. The dart slug bites you.
You hit the dart slug but do no damage. The dart slug launches a dart at you.
The slug dart misses you. The dart slug launches a dart at you.
The slug dart hits you.
You hit the dart slug.
The dart slug is severely wounded.
You hit the dart slug.
You kill the dart slug!
Trog accepts your kill. The dart slug launches a dart at you.
The slug dart hits you.
The dart slug bites you but does no damage.
You hit the dart slug.
The dart slug is heavily wounded.
You hit the dart slug.
You kill the dart slug!
Trog accepts your kill.
Your Axes skill increases to level 3!
The dart slug launches a dart at you. The slug dart misses you.
You hit the dart slug.
The dart slug is lightly wounded.
You slash the dart slug!
The dart slug is almost dead.
The dart slug barely misses you.
You barely miss the dart slug.
The dart slug is almost dead.
The dart slug launches a dart at you. The slug dart misses you.
You slash the dart slug!
You kill the dart slug!
Trog accepts your kill.
You have reached level 2!
Your demonic ancestry asserts itself...
You begin to radiate repulsive energy.
Are you sure you want to abandon this character and quit the game? (Confirm with "yes".)

#.. #..<..'...# #..
#.....##..# . #..
########..#
..###..### ####..#
....#..?.
#....#####
......#.#
#.####......
#.....#
#.....#####.
#.##..#########.###
##@.#...# #...###.
##.....####.......
#..........#.###.
#.#...######.##
#.#...# #.>#
#.#...# ##.##
#.#...# #..#
#..#### #♣.♣♣♣ ##.
#P.♣♣♣


There were no monsters in sight!

Vanquished Creatures
  3 dart slugs (D:1)
  A bat (D:1)
4 creatures vanquished.

Notes
Turn   | Place    | Note
-------+----------+-------------------------------------------
     0 | D:1      | knot the Demonspawn Berserker began the quest for the Orb.
     0 | D:1      | Reached XP level 1. HP: 18/18 MP: 1/1
    91 | D:1      | Gained mutation: You are surrounded by a mild repulsion
                  | field. (EV +2) [demonic ancestry]
    91 | D:1      | Reached XP level 2. HP: 18/24 MP: 2/2
    91 | D:1      | Quit the game

Illustrated notes

Levels and vault maps discovered:
D:1:      dpeg_arrival_rooms_a, layout_rooms, serial_forest,
          infiniplex_forest_end_2, infiniplex_forest_end_2,
          infiniplex_forest_corner_1, infiniplex_forest_clump_tiny,
          infiniplex_forest_end_2, infiniplex_forest_clump_tiny,
          infiniplex_forest_clump_curved, ebering_ecumenical_altar_sacrificial

Skill      XL: |  1 |
---------------+----+-----
Axes           | 3 |  3.2
Fighting       | |  3.0
Armour         | |  1.7
Dodging        | |  1.7

Action                   || total
-------------------------++-------
Melee: Hand axe          ||    13
Armor: Animal skin       ||     2
Dodge: Dodged            ||     7

Table legend: (Time is in decaauts)
 A = Elapsed time spent in this place.
 B = Non-inter-level travel time spent in this place.
 C = Inter-level travel time spent in this place.
 D = Time resting spent in this place.
 E = Time spent auto-exploring this place.
 F = Levels seen in this place.
 G = Mean time per level.
                   A        B        C        D        E       F      G
               +--------+--------+--------+--------+--------+-----+--------+
         Total |     92 |     92 |      0 |      0 |     62 |   1 |   92.0 |
       Dungeon |     92 |     92 |      0 |      0 |     62 |   1 |   92.0 |
               +--------+--------+--------+--------+--------+-----+--------+

Top non-repeatable levels by time:
     D:1: 92 daAuts
